 Dungeon Crawl Stone Soup version 0.29.1-2-gbd0b4ee654 (webtiles) character file.

Game seed: 12113629210451616860

3637 hilljack the Grappler (level 10, 0/80 HPs)
             Began as a Human Transmuter on Nov 13, 2022.
             Was a Priest of Okawaru.
             Slain by a scorpion (4 damage)
             ... summoned by Amaemon
             ... on level 8 of the Dungeon.
             The game lasted 00:24:35 (12191 turns).

hilljack the Grappler (Human Transmuter)           Turns: 12191, Time: 00:24:35

Health: 0/80       AC:  9    Str: 27    XL:     10   Next: 33%
Magic:  12/13      EV: 14    Int: 14    God:    Okawaru [***...]
Gold:   363        SH:  0    Dex: 13    Spells: 3/13 levels left

rFire   . . .      SeeInvis .     - Unarmed
rCold   + . .      Faith    .   (no shield)
rNeg    . . .      Spirit   .   q - +2 leather armour {rC+}
rPois   .          Reflect  .   (no helmet)
rElec   .          Harm     .   E - +0 cloak {rCorr}
rCorr   +          Rampage  .   d - +0 pair of gloves
Will    .....                   w - +0 pair of boots
Stlth   +++.......              x - amulet of the acrobat
HPRegen 0.23/turn               I - +6 ring of strength
MPRegen 0.13/turn               o - +6 ring of strength

@: mighty, lethally poisoned (0 -> -14), heroic
A: no striking features
a: Renounce Religion, Heroism


You were on level 8 of the Dungeon.
You worshipped Okawaru.
Okawaru was most pleased with you.
You visited 1 branch of the dungeon, and saw 9 of its levels.

You collected 363 gold pieces.

Inventory:

Missiles
 p - 2 throwing nets
Armour
 d - a +0 pair of gloves (worn)
 e - a +2 robe of positive energy
 q - a +2 leather armour of cold resistance (worn)
 w - a +0 pair of boots (worn)
 E - a +0 cloak of preservation (worn)
Jewellery
 c - a ring of willpower
 h - a +4 ring of evasion
 k - a ring of resist corrosion
 o - a +6 ring of strength (right hand)
 s - a ring of ice
 t - a +6 ring of dexterity
 x - an amulet of the acrobat (around neck)
 I - a +6 ring of strength (left hand)
Wands
 r - a wand of digging (7)
Scrolls
 f - 3 scrolls of amnesia
 g - 2 scrolls of immolation
 u - 2 scrolls of poison
 y - 4 scrolls of teleportation
 z - a scroll of enchant weapon
 H - 2 scrolls of blinking
Potions
 a - 3 potions of mutation
 b - a potion of resistance {unknown}
 j - 2 potions of magic
 l - a potion of cancellation
 m - a potion of flight
 v - 2 potions of degeneration {unknown}
 A - a potion of attraction {unknown}
 B - a potion of brilliance {unknown}


   Skills:
 - Level 8.0(13.0) Fighting
 - Level 2.0(7.0) Dodging
 + Level 12.1(17.1) Unarmed Combat
 - Level 2.0 Spellcasting
 - Level 2.0 Transmutations


You had 3 spell levels left.
You knew the following spells:

 Your Spells              Type           Power      Damage    Failure   Level
a - Beastly Appendage     Tmut           14%        N/A       12%         1
b - Wereblood             Tmut           7%         N/A       17%         2
c - Spider Form           Tmut/Pois      4%         N/A       45%         3
d - Ice Form              Ice/Tmut       4%         N/A       86%         4

Your spell library contained the following spells:

 Spells                   Type           Power      Damage    Failure   Level
 Freeze                   Ice            4%         1d3       26%         1
 Sublimation of Blood     Necr           1%         N/A       36%         2
 Frozen Ramparts          Ice            2%         1d1       61%         3
 Gell's Gravitas          Tloc           1%         N/A       61%         3
 Lesser Beckoning         Tloc           1%         N/A       61%         3
 Portal Projectile        Hex/Tloc       2%         N/A       61%         3
 Teleport Other           Tloc           1%         N/A       61%         3
 Hailstorm                Conj/Ice       1%         3d3       95%         4
 Leda's Liquefaction      Hex/Erth       0%         N/A       95%         4
 Call Canine Familiar     Summ           Unusable   N/A       N/A         3
 Summon Hydra             Summ           Unusable   N/A       N/A         7

Dungeon Overview and Level Annotations

Branches:
Dungeon (9/15) Zot: 26850  Temple (0/1) D:4            Lair (0/5) D:9
    Orc: D:9-12

Altars:
Nemelex Xobeh
Okawaru

Shops:
D:4 ?[((   D:6 [

Annotations:
D:8 Amaemon


Message History

Amaemon completely misses you. x2; Amaemon closely misses you.
The scorpion completely misses you.
You pummel Amaemon!!
Amaemon is heavily wounded.
Amaemon hits you with a -1 demon whip of venom!!
You are poisoned.
Amaemon claws you!
Amaemon tail-slaps you but does no damage.
The scorpion barely misses you.
You closely miss Amaemon.
Amaemon is heavily wounded.
You feel very sick.
You hit Amaemon.
Amaemon is heavily wounded.
You feel very sick. The scorpion barely misses you.
Amaemon hits you with a -1 demon whip of venom.
* * * LOW HITPOINT WARNING * * *
You are more poisoned.
Amaemon completely misses you. Amaemon barely misses you.
You hit Amaemon.
Amaemon is heavily wounded.
* * * LOW HITPOINT WARNING * * *
You feel very sick. The scorpion barely misses you. Amaemon misses you. x2
Amaemon tail-slaps you but does no damage.
You feel much better.
You feel very sick. The scorpion stings you.
Amaemon hits you with a -1 demon whip of venom!
* * * LOW HITPOINT WARNING * * *
Amaemon barely misses you. Amaemon tail-slaps you.
* * * LOW HITPOINT WARNING * * *
You feel very mighty all of a sudden.
* * * LOW HITPOINT WARNING * * *
You feel very sick.
The scorpion stings you but does no damage.
Amaemon points at the scorpion and mumbles some strange words.
The scorpion seems to grow toxic.
The scorpion stings you.
You die...

#.......# #....+...... #.......#
#....#...... #.......#
#....#...... ###'#####
#....#...... #......#
#....#......
#.....################...#......
#.....#.............~~~~.##.....
#.....'......>.s6...~≈≈~.##.....
#######........@...~~≈≈~.#......
#............~≈≈~~.#......
#...........~~≈≈~..#......
#########...~≈≈~~..#......
#......'.).~≈≈~...#......
#......#..~~≈≈~...#......
#......#..~≈≈~~...#......
#########..~≈≈~######+####
#......####~≈≈~...........


You could see Amaemon (strong) and a scorpion (summoned, curare).

Vanquished Creatures
  Sigmund (D:5)
  A warg (D:9)
  2 water moccasins (D:6)
  An orc warrior (D:7)
  3 black bears (D:5)
  3 ice beasts
  4 ogres
  2 phantoms
  6 bullfrogs
  3 necrophages
  9 wights
  6 killer bees
  A howler monkey (D:6)
  An electric eel (D:6)
  A jelly (D:7)
  3 hounds
  3 orc priests
  A gnoll bouda (D:5)
  An iguana (D:6)
  6 orc wizards
  10 gnolls
  8 adders
  2 white imps (D:6)
  2 worms
  2 dart slugs
  15 orcs
  6 ball pythons
  3 bats
  5 endoplasms
  A giant cockroach (D:1)
  5 goblins
  5 hobgoblins
  8 kobolds
  2 quokkas (D:1)
  5 frilled lizards
  7 rats
144 creatures vanquished.

Vanquished Creatures (others)
  A plant (D:9)
1 creature vanquished.

Grand Total: 145 creatures vanquished

Notes
Turn   | Place    | Note
-------+----------+-------------------------------------------
     0 | D:1      | hilljack the Human Transmuter began the quest for the Orb.
     0 | D:1      | Reached XP level 1. HP: 15/15 MP: 3/3
   342 | D:1      | Reached XP level 2. HP: 21/21 MP: 5/5
   872 | D:1      | Found a faded altar of an unknown god.
  1138 | D:1      | Reached XP level 3. HP: 26/26 MP: 6/6
  1527 | D:2      | Reached skill level 4 in Unarmed Combat
  1759 | D:1      | Reached XP level 4. HP: 11/33 MP: 7/7
  3255 | D:3      | Reached XP level 5. HP: 39/39 MP: 8/8
  3507 | D:3      | Found an iron altar of Okawaru.
  3529 | D:3      | Became a worshipper of Warmaster Okawaru
  3784 | D:3      | Reached skill level 5 in Unarmed Combat
  3941 | D:3      | Found a sparkling altar of Nemelex Xobeh.
  3985 | D:3      | Learned a level 2 spell: Wereblood
  3989 | D:3      | Learned a level 3 spell: Spider Form
  3996 | D:4      | Found Telurph's Weapon Shop.
  4018 | D:4      | Found Icapp's Antique Weapon Shop.
  4514 | D:4      | Found Bogam's Armour Shoppe.
  4803 | D:4      | Found a staircase to the Ecumenical Temple.
  4965 | D:4      | Found Jyibuykos's Magic Scroll Boutique.
  5287 | D:5      | Entered Level 5 of the Dungeon
  5302 | D:4      | Reached XP level 6. HP: 16/47 MP: 9/9
  5609 | D:5      | Noticed a black bear
  5631 | D:5      | Killed a black bear
  5655 | D:4      | Reached skill level 6 in Unarmed Combat
  5974 | D:4      | Reached XP level 7. HP: 41/53 MP: 10/10
  6825 | D:5      | Reached skill level 7 in Unarmed Combat
  6873 | D:5      | Reached * piety under Okawaru
  6874 | D:5      | Reached XP level 8. HP: 36/61 MP: 11/11
  7088 | D:5      | Noticed Sigmund
  7101 | D:5      | Killed Sigmund
  7102 | D:5      | Reached skill level 5 in Fighting
  7102 | D:5      | Reached skill level 8 in Unarmed Combat
  7519 | D:6      | Reached ** piety under Okawaru
  7520 | D:6      | Reached skill level 9 in Unarmed Combat
  7520 | D:6      | Reached XP level 9. HP: 20/69 MP: 12/12
  8293 | D:6      | Found Onkugy's Antique Armour Emporium.
  8348 | D:6      | Reached skill level 10 in Unarmed Combat
  8920 | D:6      | Learned a level 4 spell: Ice Form
  9920 | D:7      | Reached *** piety under Okawaru
 10202 | D:7      | Reached XP level 10. HP: 62/79 MP: 13/13
 10388 | D:6      | Reached skill level 11 in Unarmed Combat
 11612 | D:8      | Reached skill level 12 in Unarmed Combat
 12040 | D:9      | Found a staircase to the Lair.
 12041 | D:9      | Noticed Amaemon
 12043 | D:9      | Noticed an orange demon
 12191 | D:8      | HP: 4/80 [poisoned by Amaemon]
 12191 | D:8      | Slain by a scorpion

Illustrated notes

Levels and vault maps discovered:
D:1:      psy_arrival_radial02, layout_loops_ring,
          hellmonk_ecumenical_altar_blasted, nicolae_kite_square_tiling_tiny
D:2:      layout_loops_ring, corner_web_ring, minmay_split_cup_small
D:3:      layout_rooms, lemuel_tele_altar, mainiacjoe_overflow_catwalk
D:4:      layout_layer_cave, temple_pool_b, serial_shops,
          nicolae_inconvenience_store, kennysheep_mini, shop_statue, shop
D:5:      layout_rooms, minmay_holes, small_statue_intersection, uniq_sigmund
D:6:      layout_basic, serial_shops, shop, kennysheep_donut,
          nicolae_fountain_basement
D:7:      layout_cave_pools, eino_jars
D:8:      wander_river, layout_gridville
D:9:      layout_rooms, minitemple, erik_lair_orcish_takeover, serial_shops,
          shop, serial_rivers, chequers_serial_rivers_room_a,
          chequers_serial_rivers_micro_d, chequers_serial_rivers_micro_b,
          chequers_serial_rivers_micro_a, chequers_serial_rivers_large_a,
          uniq_grum, uniq_amaemon

Skill      XL: |  1  2  3  4  5  6  7  8  9 10 |
---------------+-------------------------------+-----
Fighting       | 2 3 4 6 8 |  8.0
Unarmed Combat | 4 5 6 7 9 10 12 | 12.1
Dodging        | |  2.0
Spellcasting   | |  2.0
Transmutations | |  2.0

Action                   |  1- 3 |  4- 6 |  7- 9 | 10-12 || total
-------------------------+-------+-------+-------+-------++-------
Melee: Unarmed           |   120 |   188 |   324 |    71 ||   703
       Punch             |       |     5 |    17 |     2 ||    24
       Headbutt          |       |     2 |       |       ||     2
       Kick              |       |     1 |       |       ||     1
 Cast: Beastly Appendage |       |     2 |     1 |       ||     3
Invok: Heroism           |       |       |       |     1 ||     1
  Use: Scroll            |     5 |     4 |     6 |     2 ||    17
       Potion            |       |     3 |     2 |     7 ||    12
Armor: Ring mail         |    39 |    10 |       |       ||    49
       Leather armour    |       |    19 |    79 |    19 ||   117
       Skin              |       |    15 |       |     8 ||    23
Dodge: Dodged            |    61 |   112 |   216 |    76 ||   465
